| TOP OF THE 1ST |
|
Montgomery Biscuits batting - Pitching for Corpus Christi Hooks : RHP Scott Spillman
|
|
Pitching: RHP Scott Spillman
|
|
|
Batting: LHB Darryl Gonnella
|
0-0: Ball 1-0: Called Strike 1-1: Foul Ball, location: 2F 1-2: Strikes out swinging, 2-3 out at first.
|
|
Batting: RHB Chris Thorson
|
0-0: Ball 1-0: SINGLE (Groundball, 56D, EV 98.8 MPH)
|
|
Batting: SHB Joey Pacheco
|
0-0: Ball 1-0: Swinging Strike 1-1: Called Strike 1-2: Ball 2-2: Foul Ball, location: 2F 2-2: Strikes out looking
|
|
Batting: LHB Eric Toney
|
0-0: Called Strike 0-1: Ball 1-1: Ball 2-1: Ball 3-1: Base on Balls Chris Thorson to second
|
|
Batting: RHB James Huddleston
|
0-0: Called Strike 0-1: Swinging Strike 0-2: Foul Ball, location: 2F 0-2: Ball 1-2: Strikes out swinging
|
| Top of the 1st over - 0 runs, 1 hit, 0 errors, 2 left on base; Montgomery 0 - Corpus Christi 0 |
| BOTTOM OF THE 1ST |
|
Corpus Christi Hooks batting - Pitching for Montgomery Biscuits : RHP Jaylin Green
|
|
Pitching: RHP Jaylin Green
|
|
|
Batting: RHB Ben Hoffman
|
0-0: Ball 1-0: Foul Ball, location: 2F 1-1: Foul Ball, location: 2F 1-2: SINGLE (Groundball, 6S, EV 69.4 MPH) (infield hit)
|
|
Batting: LHB Bob Dietz
|
0-0: Called Strike Ben Hoffman is caught stealing 2nd base 2-6 0-1: Ball 1-1: Ball 2-1: Ball 3-1: Foul Ball, location: 2F 3-2: Base on Balls
|
|
Batting: RHB Mark Cahill
|
0-0: Ball Bob Dietz steals 2nd base (no throw) 1-0: Swinging Strike 1-1: Ball 2-1: Called Strike 2-2: Ball 3-2: Base on Balls
|
|
Batting: RHB Bruce Bermudez
|
0-0: Fly out, F8 (Line Drive, 8LM, EV 107.5 MPH)
|
|
Batting: LHB Mark Dearth
|
0-0: Ball 1-0: Ball 2-0: Fly out, F7 (Flyball, 78M, EV 80.6 MPH)
|
| Bottom of the 1st over - 0 runs, 1 hit, 0 errors, 2 left on base; Montgomery 0 - Corpus Christi 0 |
| TOP OF THE 2ND |
|
Montgomery Biscuits batting - Pitching for Corpus Christi Hooks : RHP Scott Spillman
|
|
Batting: RHB Nelle Lommen
|
0-0: Ball 1-0: Bunt for hit to 2R - play at first, batter OUT! 2-3
|
|
Batting: RHB Roberto Aispuro
|
0-0: SINGLE (Flyball, 89S, EV 83.1 MPH)
|
|
Batting: LHB Danny Hull
|
0-0: Ball 1-0: Ball 2-0: Ball 3-0: Base on Balls Roberto Aispuro to second
|
|
Batting: RHB Dave Galloway
|
0-0: Ball 1-0: Called Strike 1-1: Foul Ball, location: 2F 1-2: Ball 2-2: Strikes out swinging
|
|
Batting: LHB Darryl Gonnella
|
0-0: Foul Ball, location: 2F 0-1: Foul Ball, location: 2F 0-2: Ball 1-2: Fly out, F8 (Flyball, 8LS, EV 84.4 MPH)
|
| Top of the 2nd over - 0 runs, 1 hit, 0 errors, 2 left on base; Montgomery 0 - Corpus Christi 0 |
| BOTTOM OF THE 2ND |
|
Corpus Christi Hooks batting - Pitching for Montgomery Biscuits : RHP Jaylin Green
|
|
Batting: LHB Josh Corkery
|
0-0: Ball 1-0: Called Strike 1-1: Swinging Strike 1-2: Strikes out swinging
|
|
Batting: RHB Sam Spohn
|
0-0: Called Strike 0-1: Ball 1-1: Foul Ball, location: 2F 1-2: Strikes out looking
|
|
Batting: RHB Masaru Konno
|
0-0: Ball 1-0: Ball 2-0: Called Strike 2-1: Ground out 6-3 (Groundball, 6, EV 86.9 MPH)
|
| Bottom of the 2nd over - 0 runs, 0 hits, 0 errors, 0 left on base; Montgomery 0 - Corpus Christi 0 |
| TOP OF THE 3RD |
|
Montgomery Biscuits batting - Pitching for Corpus Christi Hooks : RHP Scott Spillman
|
|
Batting: RHB Chris Thorson
|
0-0: Ball 1-0: Called Strike 1-1: Ball 2-1: Ball 3-1: Foul Ball, location: 2F 3-2: Fly out, F7 (Flyball, 7S, EV 80.6 MPH)
|
|
Batting: SHB Joey Pacheco
|
0-0: Ball 1-0: Foul Ball, location: 2F 1-1: Called Strike 1-2: Ball 2-2: Ball 3-2: Foul Ball, location: 2F 3-2: Foul Ball, location: 2F 3-2: Fly out, F6 (Popup, 6M, EV 55.6 MPH)
|
|
Batting: LHB Eric Toney
|
0-0: Ball 1-0: Foul Ball, location: 2F 1-1: Ball 2-1: Ball 3-1: Fly out, F7 (Flyball, 7LS, EV 96.9 MPH)
|
| Top of the 3rd over - 0 runs, 0 hits, 0 errors, 0 left on base; Montgomery 0 - Corpus Christi 0 |
| BOTTOM OF THE 3RD |
|
Corpus Christi Hooks batting - Pitching for Montgomery Biscuits : RHP Jaylin Green
|
|
Batting: RHB Ben Minge
|
0-0: Foul Ball, location: 2F 0-1: Swinging Strike 0-2: Strikes out swinging
|
|
Batting: RHB Ben Hoffman
|
0-0: Ball 1-0: Swinging Strike 1-1: Swinging Strike 1-2: Ball 2-2: Fly out, F8 (Line Drive, 8LD, EV 93.1 MPH)
|
|
Batting: LHB Bob Dietz
|
0-0: Ball 1-0: SINGLE (Groundball, 4, EV 94.4 MPH)
|
|
Batting: RHB Mark Cahill
|
0-0: Ball 1-0: Ball 2-0: Fly out, F8 (Flyball, 8LD, EV 102.5 MPH)
|
| Bottom of the 3rd over - 0 runs, 1 hit, 0 errors, 1 left on base; Montgomery 0 - Corpus Christi 0 |
| TOP OF THE 4TH |
|
Montgomery Biscuits batting - Pitching for Corpus Christi Hooks : RHP Scott Spillman
|
|
Batting: RHB James Huddleston
|
0-0: Called Strike 0-1: Ball 1-1: Foul Ball, location: 2F 1-2: Foul Ball, location: 2F 1-2: Strikes out swinging
|
|
Batting: RHB Nelle Lommen
|
0-0: Ball 1-0: Ball 2-0: Called Strike 2-1: Foul Ball, location: 2F 2-2: Fly out, F4 (Popup, 3S, EV 77.5 MPH)
|
|
Batting: RHB Roberto Aispuro
|
0-0: Ball 1-0: Ball 2-0: Ball 3-0: Base on Balls
|
|
Batting: LHB Danny Hull
|
0-0: Called Strike 0-1: Called Strike 0-2: Ball 1-2: Ball Roberto Aispuro is caught stealing 2nd base 2-6
|
| Top of the 4th over - 0 runs, 0 hits, 0 errors, 0 left on base; Montgomery 0 - Corpus Christi 0 |
| BOTTOM OF THE 4TH |
|
Corpus Christi Hooks batting - Pitching for Montgomery Biscuits : RHP Jaylin Green
|
|
Batting: RHB Bruce Bermudez
|
0-0: Ball 1-0: Swinging Strike 1-1: Foul Ball, location: 2F 1-2: Fly out, F7 (Line Drive, 78M, EV 106.2 MPH)
|
|
Batting: LHB Mark Dearth
|
0-0: Called Strike 0-1: Called Strike 0-2: Ball 1-2: Foul Ball, location: 2F 1-2: Ball 2-2: Foul Ball, location: 2F 2-2: SINGLE (Groundball, 34D, EV 95.6 MPH)
|
|
Batting: LHB Josh Corkery
|
0-0: Ball 1-0: Foul Ball, location: 2F 1-1: Ball 2-1: Foul Ball, location: 2F 2-2: Foul Ball, location: 2F 2-2: Ball 3-2: Fielders Choice at 2nd, 1-4 (Groundball, 15S, EV 61.2 MPH)
|
|
Batting: RHB Sam Spohn
|
0-0: Ball 1-0: Ball Josh Corkery steals 2nd base 2-0: Called Strike 2-1: 2-RUN HOME RUN (Flyball, 9D, EV 98.8 MPH), Distance : 362 ft
|
|
Batting: RHB Masaru Konno
|
0-0: Fly out, F9 (Flyball, 89S, EV 89.4 MPH)
|
| Bottom of the 4th over - 2 runs, 2 hits, 0 errors, 0 left on base; Montgomery 0 - Corpus Christi 2 |
| TOP OF THE 5TH |
|
Montgomery Biscuits batting - Pitching for Corpus Christi Hooks : RHP Scott Spillman
|
|
Batting: LHB Danny Hull
|
0-0: Foul Ball, location: 2F 0-1: Ball 1-1: Ball 2-1: Foul Ball, location: 2F 2-2: Ground out 4-3 (Groundball, 4S, EV 69.4 MPH)
|
|
Batting: RHB Dave Galloway
|
0-0: Fly out, F4 (Line Drive, 4M, EV 71.2 MPH)
|
|
Batting: LHB Darryl Gonnella
|
0-0: Called Strike 0-1: Ball 1-1: Ball 2-1: Ball 3-1: Base on Balls
|
|
Batting: RHB Chris Thorson
|
0-0: Ball Darryl Gonnella is caught stealing 2nd base 2-4
|
| Top of the 5th over - 0 runs, 0 hits, 0 errors, 0 left on base; Montgomery 0 - Corpus Christi 2 |
| BOTTOM OF THE 5TH |
|
Corpus Christi Hooks batting - Pitching for Montgomery Biscuits : RHP Jaylin Green
|
|
Batting: RHB Ben Minge
|
0-0: Ball 1-0: Swinging Strike 1-1: Foul Ball, location: 2F 1-2: Ball 2-2: Ground out 4-3 (Groundball, 4M, EV 89.4 MPH)
|
|
Batting: RHB Ben Hoffman
|
0-0: Ball 1-0: Ball 2-0: DOUBLE (Flyball, 78D, EV 90.0 MPH)
|
|
Batting: LHB Bob Dietz
|
0-0: Ball 1-0: Foul Ball, location: 2F 1-1: Foul Ball, location: 2F 1-2: Foul Ball, location: 2F 1-2: Ball 2-2: Foul Ball, location: 2F 2-2: Foul Ball, location: 2F 2-2: SINGLE (Groundball, 34S, EV 73.1 MPH) (infield hit) Ben Hoffman to third
|
|
Batting: RHB Mark Cahill
|
0-0: Ball 1-0: Called Strike Bob Dietz steals 2nd base 1-1: Foul Ball, location: 2F 1-2: Ground out 6-3 (Groundball, 6, EV 98.8 MPH) Ben Hoffman scores
|
|
Batting: RHB Bruce Bermudez
|
0-0: Ball 1-0: Called Strike 1-1: Ball 2-1: SINGLE (Line Drive, 8LS, EV 105.6 MPH) Bob Dietz to third Runner from 3rd tries for Home, SAFE, throw by CF to home
|
|
Batting: LHB Mark Dearth
|
0-0: Called Strike 0-1: Ball Bruce Bermudez steals 2nd base 1-1: Called Strike 1-2: Ground out 4-3 (Groundball, 4, EV 86.2 MPH)
|
| Bottom of the 5th over - 2 runs, 3 hits, 0 errors, 1 left on base; Montgomery 0 - Corpus Christi 4 |
| TOP OF THE 6TH |
|
Montgomery Biscuits batting - Pitching for Corpus Christi Hooks : RHP Scott Spillman
|
|
Pitching: LHP Mike Holloway
|
|
|
Batting: RHB Chris Thorson
|
0-0: Ball 1-0: Ball 2-0: Ground out 5-3 (Groundball, 56, EV 105.0 MPH)
|
|
Batting: SHB Joey Pacheco
|
0-0: Ball 1-0: Foul Ball, location: 2F 1-1: Fly out, F7 (Flyball, 7, EV 79.4 MPH)
|
|
Batting: LHB Eric Toney
|
0-0: Ground out 4-3 (Groundball, 34, EV 108.8 MPH)
|
| Top of the 6th over - 0 runs, 0 hits, 0 errors, 0 left on base; Montgomery 0 - Corpus Christi 4 |
| BOTTOM OF THE 6TH |
|
Corpus Christi Hooks batting - Pitching for Montgomery Biscuits : RHP Jaylin Green
|
|
Batting: LHB Josh Corkery
|
0-0: Ball 1-0: Ball 2-0: Ball 3-0: Called Strike 3-1: Ground out 4-3 (Groundball, 4, EV 88.8 MPH)
|
|
Batting: RHB Sam Spohn
|
0-0: Ball 1-0: Ball 2-0: Swinging Strike 2-1: SINGLE (Line Drive, 8LS, EV 107.5 MPH)
|
|
Pitching: RHP Jaime Astacio
|
|
|
Batting: RHB Masaru Konno
|
0-0: Called Strike 0-1: Ball 1-1: Ball 2-1: Called Strike Sam Spohn steals 2nd base 2-2: Fly out, F8 (Line Drive, 8RM, EV 93.1 MPH)
|
|
Batting: RHB Ben Minge
|
0-0: Called Strike 0-1: Swinging Strike 0-2: Foul Ball, location: 2F 0-2: Ball 1-2: Ball 2-2: Foul Ball, location: 2F 2-2: Strikes out looking
|
| Bottom of the 6th over - 0 runs, 1 hit, 0 errors, 1 left on base; Montgomery 0 - Corpus Christi 4 |
| TOP OF THE 7TH |
|
Montgomery Biscuits batting - Pitching for Corpus Christi Hooks : LHP Mike Holloway
|
|
Pitching: RHP Manny Bonilla
|
|
|
Batting: RHB James Huddleston
|
0-0: Called Strike 0-1: Ball 1-1: Ball 2-1: Foul Ball, location: 2F 2-2: SINGLE (Groundball, 15S, EV 63.1 MPH) (infield hit)
|
|
Batting: RHB Nelle Lommen
|
0-0: Ball 1-0: Called Strike 1-1: Called Strike 1-2: Ball 2-2: Ball 3-2: Foul Ball, location: 2F 3-2: Base on Balls James Huddleston to second
|
|
Batting: RHB Roberto Aispuro
|
0-0: Called Strike 0-1: Bunt missed! 0-2: Ball 1-2: Foul Ball, location: 2F 1-2: Ball 2-2: Foul Ball, location: 2F 2-2: Ball 3-2: Base on Balls James Huddleston to third Nelle Lommen to second
|
|
Batting: LHB Danny Hull
|
0-0: Ball 1-0: Ball 2-0: Foul Ball, location: 2F 2-1: Fielders Choice at 2nd, 4-6 (Groundball, 4, EV 106.2 MPH) James Huddleston scores Nelle Lommen to third
|
|
Batting: RHB Dave Galloway
|
0-0: Ball 1-0: Ball Danny Hull is caught stealing 2nd base 2-4 2-0: Ball 3-0: Called Strike 3-1: Foul Ball, location: 2F 3-2: Base on Balls
|
|
Pitching: RHP Elroy Meulenkamp
|
|
|
Batting: LHB Darryl Gonnella
|
0-0: Called Strike 0-1: Swinging Strike 0-2: Strikes out swinging
|
| Top of the 7th over - 1 run, 1 hit, 0 errors, 2 left on base; Montgomery 1 - Corpus Christi 4 |
| BOTTOM OF THE 7TH |
|
Corpus Christi Hooks batting - Pitching for Montgomery Biscuits : RHP Jaime Astacio
|
|
Batting: RHB Ben Hoffman
|
0-0: Swinging Strike 0-1: Swinging Strike 0-2: Ball 1-2: Ball 2-2: Strikes out swinging
|
|
Batting: LHB Bob Dietz
|
0-0: Called Strike 0-1: Ball 1-1: Foul Ball, location: 2F 1-2: Ball 2-2: Fly out, F7 (Flyball, 7S, EV 91.2 MPH)
|
|
Batting: RHB Mark Cahill
|
0-0: Ball 1-0: Called Strike 1-1: Foul Ball, location: 2F 1-2: Fly out, F7 (Flyball, 7S, EV 93.8 MPH)
|
| Bottom of the 7th over - 0 runs, 0 hits, 0 errors, 0 left on base; Montgomery 1 - Corpus Christi 4 |
| TOP OF THE 8TH |
|
Montgomery Biscuits batting - Pitching for Corpus Christi Hooks : RHP Elroy Meulenkamp
|
|
Now at 2B: Masaru Konno
|
|
|
Now at 3B: Joel Vazquez
|
|
|
Batting: RHB Chris Thorson
|
0-0: Ball 1-0: Ball 2-0: Ball 3-0: Base on Balls
|
|
Batting: SHB Joey Pacheco
|
0-0: Ball 1-0: Ball 2-0: Ball 3-0: Called Strike 3-1: Base on Balls Chris Thorson to second
|
|
Batting: LHB Eric Toney
|
0-0: Ball 1-0: Foul Ball, location: 2F 1-1: Fielders Choice at 2nd, 3-6 (Groundball, 34, EV 88.1 MPH) Chris Thorson to third
|
|
Batting: RHB James Huddleston
|
0-0: Fly out, F9 (Flyball, 89S, EV 88.1 MPH)
|
|
Batting: RHB Nelle Lommen
|
0-0: Ball 1-0: Called Strike 1-1: Ball 2-1: Ground out 4-3 (Groundball, 34S, EV 86.2 MPH)
|
| Top of the 8th over - 0 runs, 0 hits, 0 errors, 2 left on base; Montgomery 1 - Corpus Christi 4 |
| BOTTOM OF THE 8TH |
|
Corpus Christi Hooks batting - Pitching for Montgomery Biscuits : RHP Jaime Astacio
|
|
Batting: RHB Bruce Bermudez
|
0-0: Ball 1-0: Called Strike 1-1: Foul Ball, location: 2F 1-2: Ball 2-2: Foul Ball, location: 2F 2-2: Ball 3-2: Fly out, F9 (Flyball, 9D, EV 100.6 MPH)
|
|
Batting: RHB Joel Vazquez
|
0-0: Called Strike 0-1: Ground out 4-3 (Groundball, 4, EV 100.0 MPH)
|
|
Batting: LHB Josh Corkery
|
0-0: Called Strike 0-1: Swinging Strike 0-2: Ball 1-2: Ground out 4-3 (Groundball, 4, EV 103.1 MPH)
|
| Bottom of the 8th over - 0 runs, 0 hits, 0 errors, 0 left on base; Montgomery 1 - Corpus Christi 4 |
| TOP OF THE 9TH |
|
Montgomery Biscuits batting - Pitching for Corpus Christi Hooks : RHP Elroy Meulenkamp
|
|
Pitching: RHP Zack Evans
|
|
|
Batting: RHB Roberto Aispuro
|
0-0: Ball 1-0: Ball 2-0: Ball 3-0: Called Strike 3-1: Fly out, F8 (Flyball, 8RD, EV 90.6 MPH)
|
|
Batting: LHB Danny Hull
|
0-0: Ball 1-0: Called Strike 1-1: Swinging Strike 1-2: Strikes out swinging
|
|
Batting: RHB Dave Galloway
|
0-0: Ball 1-0: Foul Ball, location: 2F 1-1: Ball 2-1: Swinging Strike 2-2: Strikes out swinging
|
| Top of the 9th over - 0 runs, 0 hits, 0 errors, 0 left on base; Montgomery 1 - Corpus Christi 4 |
|